Map: [ESL] Royal Blood

Players

Cham

  • Race: Zerg Zerg

Ryung - Winner!

  • Race: Terran Terran
  • League: Master

Event: IEM Katowice 2023

VOD

Have the link to the VOD?

Description

Time

  • Played on: Feb. 8, 2023, 10:29 a.m.
  • Length: 13:32

All games in this series

Show
View Real Time Build Order
Export as new Build Order

Cham Zerg 

Build Orders: Hatch First 

Get SALT Encoding   

  12  0:00  Drone  
  13  0:13  Overlord  
  13  0:18  Drone  
  14  0:31  Drone  
  14  0:32  Drone  
  16  0:48  Hatchery  
  15  0:51  Drone  
  15  0:54  Drone  
  17  0:57  Drone  
  18  1:11  Spawning Pool  
  18  1:13  Extractor  
  18  1:16  Drone  
  17  1:19  Drone  
  18  1:29  Drone  
  19  1:39  Drone  
  20  1:50  Drone  
  21  1:59  Queen x2  
  21  2:00  Zergling x2  
  21  2:01  Zergling x2  
  27  2:11  Drone  
  27  2:12  Overlord  
  28  2:24  Hatchery  
  28  2:26  Drone  
  28  2:34  Spore Crawler  
  28  2:35  Drone  
  28  2:41  Overlord  
  29  2:44  Drone x2  
  29  2:45  Drone  
  32  2:54  Queen  
  32  2:55  Metabolic Boost  
  34  3:04  Drone  
  35  3:07  Drone x3  
  35  3:10  Drone x2  
  40  3:19  Drone x3  
  43  3:28  Overlord  
  43  3:30  Drone  
  44  3:35  Queen x2  
  44  3:39  Queen  
  50  3:47  Drone x2  
  50  3:48  Drone x3  
  55  3:50  Drone  
  56  3:58  Drone x2  
  56  3:59  Overlord  
  58  4:05  Overlord  
  58  4:10  Overlord  
  58  4:14  Overlord  
  58  4:17  Queen x2  
  58  4:20  Drone x3  
  65  4:25  Zergling x8  
  65  4:31  Drone x2  
  71  4:34  Overlord, Drone x2  
  71  4:35  Drone  
  71  4:36  Lair  
  74  4:39  Extractor  
  74  4:41  Spore Crawler x2  
  74  4:43  Extractor  
  74  4:44  Spore Crawler  
  69  4:47  Drone x3  
  69  4:48  Drone x2  
  69  4:50  Drone  
  69  4:51  Drone  
  76  4:53  Drone  
  76  4:57  Drone x3  
  80  5:00  Roach Warren  
  80  5:04  Drone x3  
  80  5:06  Drone  
  83  5:14  Hatchery  
  83  5:19  Extractor, Baneling Nest  
  80  5:21  Extractor  
  80  5:22  Drone  
  80  5:23  Drone, Evolution Chamber  
  80  5:24  Drone, Evolution Chamber  
  80  5:26  Drone x2  
  82  5:30  Overlord  
  82  5:31  Extractor, Drone  
  82  5:40  Glial Reconstitution  
  82  5:45  Roach  
  82  5:46  Roach x6  
  97  5:50  Drone x2  
  97  5:54  Zerg Ground Armor Level 1  
  98  5:57  Overlord x2  
  98  6:13  Overlord x5  
  90  6:18  Queen  
  90  6:20  Roach x2  
  90  6:21  Roach x3  
  90  6:23  Roach  
  90  6:24  Roach  
  96  6:26  Roach  
  96  6:29  Roach x2  
  96  6:32  Drone x3  
  100  6:38  Zerg Missile Weapons Level 1  
  99  6:45  Drone x3  
  99  6:46  Drone, Centrifugal Hooks  
  99  6:47  Drone  
  99  6:50  Evolution Chamber  
  95  7:03  Drone x10  
  95  7:08  Queen  
  104  7:11  Drone x2  
  104  7:13  Drone  
  105  7:20  Drone  
  105  7:21  Drone x4  
  110  7:24  Roach  
  110  7:25  Roach x2  
  110  7:27  Roach x2  
  120  7:32  Roach x3  
  120  7:33  Ravager x3  
  129  7:37  Roach x3  
  129  7:40  Overlord  
  135  7:47  Roach x4  
  135  7:51  Overlord  
  143  7:52  Zergling x2  
  143  7:53  Zergling x6  
  147  8:02  Roach x2, Zergling x14  
  156  8:09  Overlord x2  
  156  8:11  Extractor, Drone  
  154  8:14  Zergling x8  
  154  8:18  Overlord  
  158  8:21  Zerg Ground Armor Level 2  
  158  8:24  Ravager  
  158  8:25  Zergling x6  
  158  8:26  Zergling x4  
  164  8:27  Baneling  
  164  8:28  Baneling x13  
  164  8:32  Zerg Melee Weapons Level 1  
  164  8:33  Zergling x12  
  170  8:35  Zergling x6  
  170  8:36  Zergling x2  
  170  8:37  Zergling x2  
  170  8:40  Zergling x2  
  170  8:41  Zergling x2  
  178  8:48  Zergling x6  
  178  8:55  Zergling x10  
  183  8:57  Baneling x4  
  183  8:58  Zergling x2  
  182  9:04  Zergling x4  
  182  9:05  Zergling x14  
  182  9:07  Queen  
  189  9:12  Zergling x2  
  189  9:13  Zergling x6  
  189  9:14  Extractor  
  184  9:20  Zergling x4  
  176  9:25  Baneling x9  
  176  9:26  Drone  
  176  9:28  Zergling x2  
  176  9:29  Infestation Pit, Zergling x14  
  183  9:35  Baneling x6, Zergling x2  
  183  9:36  Zergling x2  
  185  9:40  Hatchery  
  184  9:48  Zergling x2  
  185  9:53  Overlord x2  
  185  9:58  Overlord x4  
  183  10:02  Overlord x3  
  178  10:09  Hatchery  
  157  10:15  Zergling x26  
  157  10:19  Zergling x2  
  159  10:27  Zergling x2  
  159  10:28  Drone x4, Zergling x2  
  140  10:29  Drone x4  
  140  10:33  Zerg Melee Weapons Level 2  
  138  10:37  Drone x4  
  126  10:43  Drone x2  
  126  10:49  Baneling x3  
  125  10:50  Baneling x13  
  125  10:52  Ravager x4  
  125  10:53  Ravager x3  
  125  10:54  Zergling x2  
  125  10:55  Zergling x10  
  138  11:00  Zergling x6  
  138  11:01  Zerg Missile Weapons Level 2  
  141  11:06  Queen  
  141  11:09  Zergling x12  
  149  11:13  Zergling x8  
  153  11:24  Zergling x14  
  154  11:32  Zergling x10  
  145  11:38  Zergling x4  
  145  11:39  Zergling x4  
  149  11:45  Zergling x2, Hive  
  149  11:46  Zergling x16  
  158  11:49  Zergling x2  
  158  11:50  Baneling  
  158  11:51  Baneling x2  
  158  11:52  Drone x2  
  158  11:53  Baneling  
  161  11:55  Zergling x4  
  151  12:05  Zergling x12  
  151  12:08  Drone  
  158  12:11  Baneling x4, Spore Crawler x2  
  158  12:13  Drone x2  
  158  12:15  Baneling x3  
  157  12:17  Zergling x10  
  157  12:18  Zergling x2  
  162  12:25  Baneling x12  
  162  12:26  Zergling x10  
  165  12:32  Zergling x16  
  146  12:46  Zergling x2  
  146  12:47  Zergling x14  
  146  12:48  Baneling x7  
  152  12:55  Zergling x2  
  152  12:56  Zergling x10  
  151  13:04  Zergling x12  
  148  13:06  Baneling x6  
  148  13:12  Zergling x8  
Show
View Real Time Build Order
Export as new Build Order

Ryung Terran - Winner!

Build Orders: Reaper Expand 

Get SALT Encoding   

  12  0:00  SCV  
  13  0:12  SCV  
  14  0:16  Supply Depot  
  14  0:24  SCV  
  15  0:38  SCV  
  15  0:39  Barracks  
  16  0:43  Refinery  
  16  0:50  SCV  
  17  1:02  SCV  
  18  1:14  SCV  
  19  1:26  Orbital Command, Reaper  
  20  1:39  Command Center  
  20  1:49  Supply Depot  
  20  1:52  SCV  
  21  1:58  Marine  
  22  2:04  SCV  
  23  2:13  Factory  
  23  2:16  SCV  
  23  2:20  Barracks Reactor  
  24  2:28  SCV  
  25  2:38  Command Center  
  25  2:40  SCV  
  26  2:52  Orbital Command, SCV  
  27  2:59  Barracks  
  27  3:04  SCV  
  27  3:05  Barracks Tech Lab  
  28  3:07  Hellion  
  28  3:11  Hellion  
  32  3:18  SCV x2  
  34  3:22  Refinery  
  34  3:23  Marine  
  34  3:26  Stimpack  
  35  3:30  SCV x2  
  35  3:32  Hellion  
  39  3:37  Hellion  
  41  3:42  SCV  
  41  3:43  Marine, SCV  
  44  3:52  Orbital Command, Starport  
  44  3:58  SCV  
  44  3:59  SCV  
  46  4:04  Marine  
  46  4:07  Marine x2, Factory Reactor  
  49  4:10  Supply Depot  
  49  4:11  SCV x2  
  51  4:22  SCV  
  51  4:23  Marine, SCV x2  
  55  4:25  Marine x2  
  55  4:31  Orbital Command  
  56  4:34  Supply Depot  
  56  4:35  SCV x2  
  58  4:41  Marine, Engineering Bay  
  58  4:43  Marine x2, Refinery  
  58  4:44  Engineering Bay  
  61  4:47  SCV x2  
  61  4:50  Medivac, Supply Depot  
  61  4:52  Medivac  
  67  4:57  Supply Depot  
  67  4:59  SCV  
  68  5:01  Marine x2  
  68  5:02  Marine  
  72  5:07  SCV x2  
  72  5:11  Terran Infantry Armor Level 1, Terran Infantry Weapons Level 1, SCV  
  74  5:18  Supply Depot  
  74  5:19  SCV x2  
  74  5:20  Marine x3  
  79  5:22  Combat Shield  
  79  5:23  SCV  
  79  5:26  Barracks  
  80  5:31  SCV x2  
  83  5:35  SCV  
  83  5:39  Marine x2, Barracks  
  83  5:41  Starport Reactor  
  83  5:42  Factory Reactor  
  85  5:43  Marine  
  85  5:45  Barracks, SCV x2  
  88  5:50  Refinery  
  88  5:54  Supply Depot  
  88  5:55  SCV  
  89  5:57  SCV  
  89  5:58  SCV  
  89  6:00  Marine x2  
  89  6:01  Marine  
  93  6:07  SCV  
  93  6:09  SCV  
  93  6:10  Factory Tech Lab, SCV  
  96  6:15  Marine x2  
  96  6:18  Marine x2  
  96  6:19  Marine  
  96  6:21  SCV x2  
  96  6:22  SCV  
  96  6:23  Medivac x2  
  102  6:31  Siege Tank  
  105  6:33  Marine x2  
  105  6:34  SCV x2  
  105  6:39  Marine, Barracks Tech Lab x2, Supply Depot  
  109  6:40  Supply Depot  
  109  6:41  Marine x2  
  109  6:44  SCV, Armory  
  109  6:46  SCV  
  113  6:51  Marine x2  
  114  6:56  Marine  
  114  6:59  Marine x2  
  114  7:00  Marauder  
  114  7:01  Marauder  
  115  7:03  Medivac x2  
  117  7:09  Marine x2  
  117  7:12  SCV  
  117  7:13  SCV  
  117  7:14  Marine  
  121  7:15  Refinery  
  121  7:16  Concussive Shells, Refinery  
  121  7:17  Command Center, Marauder  
  121  7:21  Siege Tank, Supply Depot  
  121  7:22  Marauder  
  128  7:23  Supply Depot  
  128  7:26  Marine, Supply Depot  
  128  7:27  Marauder  
  131  7:35  Terran Infantry Weapons Level 2  
  131  7:38  Marine x2  
  131  7:42  Marine x2, Supply Depot  
  131  7:43  Marine  
  136  7:44  Supply Depot  
  136  7:50  Factory  
  136  7:53  Barracks  
  136  7:54  Barracks, Terran Infantry Armor Level 2  
  136  7:56  Barracks  
  134  7:58  Marine x4  
  137  8:07  Siege Tank  
  139  8:14  Medivac  
  139  8:16  Marine x6  
  139  8:17  Medivac  
  139  8:19  Marine  
  150  8:21  Missile Turret  
  149  8:30  Supply Depot x2  
  149  8:33  Marine x3  
  149  8:34  Marine  
  152  8:37  Factory Tech Lab  
  152  8:41  Marine x3  
  154  8:44  Barracks Tech Lab x2  
  154  8:48  Siege Tank  
  158  8:50  Medivac x2  
  158  8:53  Marine  
  158  8:54  Marine x2  
  161  9:01  Marine x4  
  165  9:05  Planetary Fortress  
  165  9:06  Marine x3  
  165  9:07  Siege Tank  
  159  9:11  Marine x2  
  159  9:12  Marine  
  158  9:19  Marine x4  
  158  9:20  Medivac x2, SCV x3  
  158  9:24  Marine x3  
  165  9:29  Marine  
  165  9:30  Siege Tank  
  170  9:32  SCV x3  
  170  9:34  Marine x2  
  170  9:35  Sensor Tower  
  170  9:36  Marine  
  176  9:39  Siege Tank  
  176  9:44  Terran Vehicle Weapons Level 1  
  179  9:47  Refinery  
  179  9:48  Command Center  
  179  9:51  Marine x6  
  185  9:54  Marine x2  
  185  9:55  Marine x2  
  185  9:57  Medivac x2  
  192  10:07  Orbital Command  
  192  10:08  Marine x2  
  192  10:09  Marine x2  
  192  10:12  Marine x4  
  192  10:13  Marine x2  
  174  10:26  Marine x4  
  151  10:30  Marine x4  
  151  10:31  Marine x2  
  151  10:34  SCV x2  
  154  10:37  SCV  
  154  10:38  SCV  
  150  10:44  Marine x4  
  150  10:46  SCV  
  150  10:47  Marine  
  150  10:48  Marine x3  
  150  10:49  Marine x2  
  161  10:59  SCV  
  161  11:00  Command Center, SCV  
  161  11:02  Marine x4, SCV  
  168  11:05  Siege Tank, Marine x2  
  173  11:15  SCV x3  
  173  11:16  Marine x4  
  179  11:18  Factory Tech Lab  
  179  11:20  Marine  
  168  11:25  Marine x3  
  168  11:26  Marine  
  171  11:34  Marine x3  
  171  11:35  Medivac x2  
  171  11:37  Siege Tank, Barracks Tech Lab, Marauder  
  171  11:38  Marine  
  183  11:42  SCV x2  
  183  11:43  Marine x3, SCV x2  
  183  11:44  Marauder  
  192  11:51  Siege Tank, Marine x3  
  198  11:54  SCV x2  
  194  12:02  Marine  
  194  12:03  Marine x2  
  194  12:04  Marine x3  
  200  12:14  Command Center  
  200  12:32  Ghost Academy  
  200  12:40  Marine x6, Marauder x4  
  200  12:42  Siege Tank  
  197  12:53  Siege Tank  
  197  12:57  Marine x4  
  197  12:58  Marine x2  
  200  13:00  Marine  
  200  13:02  Marine x3  

Tags
 
Add a new tag
Caveats
  • Supply blocks, unpowered buildings, or Contaminate may cause inaccurate times.
  • Supply counts are checked every 10 seconds.